 Dungeon Crawl Stone Soup version 0.28-a0-1117-g0bdd5ba030 (webtiles) character file.

Game seed: 4511028574361262958

143 karkarkar the Chopper (level 5, 0/47 HPs)
             Began as a Minotaur Berserker on Dec 11, 2021.
             Was a Believer of Trog.
             Succumbed to a water moccasin's poison
             ... on level 3 of the Dungeon.
             The game lasted 00:06:01 (1962 turns).

karkarkar the Chopper (Minotaur Berserker)          Turns: 1962, Time: 00:06:02

Health: 0/47       AC:  9    Str: 24    XL:     5   Next: 4%
Magic:  4/4        EV:  8    Int:  4    God:    Trog [**....]
Gold:   115        SH:  5    Dex:  9    Spells: 4/4 levels left

rFire   + . .      SeeInvis +   a - +0 war axe
rCold   . . .      Faith    .   (no shield)
rNeg    . . .      Spirit   .   c - +0 chain mail
rPois   .          Reflect  +   (helmet restricted)
rElec   .          Harm     .   (no cloak)
rCorr   .          Rampage  .   (no gloves)
Will    .....                   (no boots)
Stlth   ..........              e - amulet of reflection
HPRegen 0.15/turn               d - ring of protection from fire
MPRegen 0.09/turn               h - ring of see invisible

@: lethally poisoned (0 -> -7)
A: horns 2, retaliatory headbutt
a: Renounce Religion, Berserk, Trog's Hand


You were on level 3 of the Dungeon.
You worshipped Trog.
Trog was pleased with you.
You visited 1 branch of the dungeon, and saw 3 of its levels.

You collected 115 gold pieces.

Inventory:

Hand Weapons
 a - a +0 war axe (weapon)
Missiles
 i - 2 poisoned darts (quivered)
Armour
 c - a +0 chain mail (worn)
Jewellery
 d - a ring of protection from fire (left hand)
 e - an amulet of reflection (around neck)
 h - a ring of see invisible (right hand)
Scrolls
 f - a scroll of fog
Potions
 b - a potion of flight


   Skills:
 + Level 4.9 Fighting
 + Level 5.3 Axes
 + Level 0.9 Throwing
 - Level 3.1 Armour
 - Level 2.6 Dodging


You had 4 spell levels left.
You didn't know any spells.
Your spell library was empty.

Dungeon Overview and Level Annotations

Branches:
Dungeon (3/15)

Altars:

Shops:
D:2 [


Innate Abilities, Weirdness & Mutations

You have a pair of horns on your head.
You reflexively headbutt those who attack you in melee.


Message History

You are too injured to fight recklessly!
Okay, then.
You hear the brisk rusting of a drain nearby.
* * * LOW HITPOINT WARNING * * *
You feel very sick.
The water moccasin barely misses your rat.
Your kobold barely misses the water moccasin.
Your rat completely misses the water moccasin.
* * * LOW HITPOINT WARNING * * *
You feel very sick.
The water moccasin closely misses your rat.
The water moccasin bites your rat.
Your rat dies!
Your rat's corpse dissolves into shadows!
Your kobold hits the water moccasin with a +0 dagger.
* * * LOW HITPOINT WARNING * * *
You feel sick. The water moccasin bites your kobold!
Your kobold dies!
Your kobold's corpse dissolves into shadows!
You feel sick.
* * * LOW HITPOINT WARNING * * *
You feel sick.
You feel sick.
You feel sick.
You feel sick.
You feel the effects of Trog's Hand fading.
You feel sick.
You are no longer poisoned.
You feel your willpower return.
You see here 25 stones.
Your skin stops crawling.
You feel less strong-willed.
The water moccasin bites you but does no damage.
The water moccasin closely misses you. The water moccasin bites you.
* * * LOW HITPOINT WARNING * * *
You are lethally poisoned!
The water moccasin poisons you!
* * * LOW HITPOINT WARNING * * *
You feel sick.
You die...

#.#........ #.#........
########.#........#########
........)((...............
..##...#.######.##......#
.S##...#... #......# ..##...#.###
#......#
..##...#.#########......#########
....(.........S.@'......'........
####...#....######......#########
# #####....### #!.....#
########.....<## ########
.......'.......# ########.....###
# #####.....# # # #...#....### #
# #..........# #


You could see a water moccasin.

Vanquished Creatures
  An orc wizard (D:3)
  4 adders
  A worm (D:3)
  A dart slug (D:1)
  4 orcs (D:3)
  8 ball pythons
  5 endoplasms
  2 giant cockroaches (D:1)
  3 goblins
  11 hobgoblins
  7 jackals
  2 quokkas
  7 bats
  2 frilled lizards
  4 kobolds
  4 rats
66 creatures vanquished.

Notes
Turn   | Place    | Note
-------+----------+-------------------------------------------
     0 | D:1      | karkarkar the Minotaur Berserker began the quest for the
                  | Orb.
     0 | D:1      | Reached XP level 1. HP: 19/19 MP: 0/0
   118 | D:1      | Reached XP level 2. HP: 25/27 MP: 1/1
   121 | D:1      | Reached skill level 4 in Axes
   479 | D:1      | Reached ** piety under Trog
   480 | D:1      | Reached XP level 3. HP: 30/33 MP: 2/2
   514 | D:1      | Found a faded altar of an unknown god.
  1006 | D:2      | Reached XP level 4. HP: 33/41 MP: 3/3
  1153 | D:2      | Found Buqih's Armour Shop.
  1706 | D:3      | Reached skill level 5 in Axes
  1835 | D:3      | Reached *** piety under Trog
  1836 | D:3      | Reached XP level 5. HP: 44/47 MP: 4/4
  1917 | D:3      | Noticed a water moccasin
  1943 | D:3      | HP: 2/47 [poisoned by a water moccasin]
  1948 | D:3      | HP: 2/47 [poisoned by a water moccasin]
  1961 | D:3      | HP: 1/47 [poisoned by a water moccasin]
  1962 | D:3      | Succumbed to a water moccasin's poison

Illustrated notes

Levels and vault maps discovered:
D:1:      dpeg_arrival_chambers_temple_mockup, layout_rooms, serial_rivers,
          chequers_serial_rivers_micro_e, chequers_serial_rivers_marsh,
          chequers_serial_rivers_micro_b, chequers_serial_rivers_marsh,
          chequers_serial_rivers_room_b, chequers_serial_rivers_large_b,
          hellmonk_ecumenical_altar_leap_of_faith, minmay_strange_pillars
D:2:      layout_loops_ring, serial_shops, nicolae_shop_trees, minivault_14
D:3:      layout_basic, gup_sewer_entry_glass, st_stairs_5

Skill      XL: |  1  2  3  4 |
---------------+-------------+-----
Fighting       | 4 |  4.9
Axes           | 4 5 |  5.3
Armour         | 3 |  3.1
Throwing       | |  0.9
Dodging        | |  2.6

Action                   |  1- 3 |  4- 6 || total
-------------------------+-------+-------++-------
Melee: Hand axe          |    75 |     2 ||    77
       Headbutt          |     9 |     9 ||    18
       War axe           |       |    44 ||    44
Throw: Dart              |       |     4 ||     4
Invok: Trog's Hand       |     1 |     2 ||     3
  Use: Scroll            |     3 |     3 ||     6
Armor: Ring mail         |    32 |     4 ||    36
       Chain mail        |       |    24 ||    24
Dodge: Dodged            |    58 |    19 ||    77
Block: Other             |     9 |    17 ||    26

Table legend: (Time is in decaauts)
 A = Elapsed time spent in this place.
 B = Non-inter-level travel time spent in this place.
 C = Inter-level travel time spent in this place.
 D = Time resting spent in this place.
 E = Time spent auto-exploring this place.
 F = Levels seen in this place.
 G = Mean time per level.
                   A        B        C        D        E       F      G
               +--------+--------+--------+--------+--------+-----+--------+
         Total |   2010 |   1964 |     46 |      0 |   1339 |   3 |  670.0 |
       Dungeon |   2010 |   1964 |     46 |      0 |   1339 |   3 |  670.0 |
               +--------+--------+--------+--------+--------+-----+--------+

Top non-repeatable levels by time:
     D:1: 818 daAuts
     D:2: 767 daAuts
     D:3: 424 daAuts
